 Dungeon Crawl Stone Soup version 0.23-a0-344-ge122d05 (webtiles) character file.

90622 Amnesiac the Earth Mage (level 15, -6/66 HPs)
             Began as a Felid Earth Elementalist on Oct 19, 2018.
             Was the Champion of Ashenzari.
             Killed from afar by a manticore (12 damage)
             ... with a volley of spikes
             ... on level 2 of the Shoals.
             The game lasted 01:42:14 (39676 turns).

Amnesiac the Earth Mage (Felid Earth Elementalist) Turns: 39676, Time: 01:42:15

Health: -6/66      AC:  3    Str:  4    XL:     15   Next: 52%
Magic:  17/32      EV: 28    Int: 29    God:    Ashenzari [******]
Gold:   1947       SH:  0    Dex: 16    Spells: 4/38 levels left
                                        Lives:  0   Deaths: 2

rFire    + . .     SeeInvis +     - Unarmed
rCold    + . .     Gourm    .   (shield unavailable)
rNeg     . . .     Faith    .   (armour unavailable)
rPois    +         Spirit   .   (helmet unavailable)
rElec    .         Reflect  .   (cloak unavailable)
rCorr    .         Harm     +   (gloves unavailable)
MR       ++...     Clarity  +   (boots unavailable)
Stlth    +++++.....             u - amulet of harm (curse)
HPRegen  0.21/turn              k - ring of poison resistance (curse)
MPRegen  0.23/turn              d - ring of protection from fire (curse)

@: brilliant, barbed spikes, quick
A: very small, no armour, no weapons or thrown items, stealth, claws 1, fangs 3,
see invisible, carnivore, speed 1, shaggy fur 3, slow metabolism 1, sharp paws
a: Curse Item, Scrying, Transfer Knowledge, Renounce Religion


You were on level 2 of the Shoals.
You worshipped Ashenzari.
Ashenzari was exalted by your worship.
You were very full.

You visited 6 branches of the dungeon, and saw 30 of its levels.
You also visited: Ice Cave.

You collected 2969 gold pieces.
You spent 1022 gold pieces at shops.

Inventory:

Missiles
 b - 195 stones
Jewellery
 d - a cursed ring of protection from fire (right paw)
 g - an uncursed amulet of guardian spirit
 k - a cursed ring of poison resistance (left paw)
 m - a ring "Teferazo" {rPois rF- rN+++ MR+++}
   (You found it in an ice cave)

   [ring of poison resistance]

   It makes you vulnerable to fire.
   It protects you from poison.
   It renders you almost immune to negative energy.
   It affects your resistance to hostile enchantments.
 u - a cursed amulet of harm (around neck)
 A - an uncursed ring of resist corrosion
Wands
 e - a wand of digging (13)
 h - a wand of clouds (2)
 o - a wand of random effects (64)
 v - a wand of paralysis (17)
 x - a wand of disintegration (22)
 F - a wand of acid (35)
 I - a wand of enslavement (20)
 L - a wand of polymorph (40)
 O - a wand of scattershot (4)
Scrolls
 a - a scroll of torment {!r}
 i - a scroll of summoning {!r}
 l - 8 scrolls of magic mapping {!r}
 n - 10 scrolls of remove curse {!r}
 p - 5 scrolls of amnesia {!r}
 y - 2 scrolls of silence {!r}
 B - 7 scrolls of teleportation {!r}
 K - 3 scrolls of identify {!r}
 N - a scroll of vulnerability {!r}
Potions
 j - 11 potions of curing {!q}
 q - 5 potions of haste {!q}
 r - 2 potions of resistance {!q}
 s - 3 potions of agility {!q}
 t - 13 potions of lignification {!q}
 w - 2 potions of brilliance {!q}
 z - 4 potions of mutation {!q}
 C - 4 potions of flight {!q}
 H - 4 potions of might {!q}
 J - 2 potions of berserk rage {!q, unknown}
 M - 2 potions of cancellation {!q}
Miscellaneous
 f - a lightning rod (4/4)
 D - a fan of gales
 E - a lamp of fire
 G - a phial of floods
Comestibles
 c - 75 rations
 P - 4 chunks of flesh


   Skills:
 - Level 8.0 Fighting
 - Level 12.0 Dodging
 - Level 12.0 Stealth
 - Level 8.0 Unarmed Combat
 - Level 12.0 Spellcasting
 - Level 3.0(6.8) Transmutations
 * Level 20.0(23.5) Earth Magic
 - Level 2.9(6.7) Evocations


You had 4 spell levels left.
You knew the following spells:

 Your Spells              Type           Power        Failure   Level  Hunger
a - Sandblast             Erth           ######       0%          1    None
b - Passwall              Tmut/Erth      #######.     0%          2    None
c - Mephitic Cloud        Conj/Pois/Air  #####...     1%          3    None
d - Lee's Rapid Deconstr  Erth           ########..   0%          5    ##.....
e - Petrify               Tmut/Erth      #######.     1%          4    None
f - Passage of Golubria   Tloc           N/A          2%          4    None
g - Summon Butterflies    Summ           #####...     1%          1    None
v - Blink                 Tloc           N/A          1%          2    None
w - Shatter               Erth           ########..   2%          9    #######
z - Ozocubu's Armour      Chrm/Ice       #####...     1%          3    None

Your spell library contained the following spells:

 Spells                   Type           Power        Failure   Level  Hunger
 Corona                   Hex            #####..      1%          1    None
 Freeze                   Ice            ####         1%          1    None
 Magic Dart               Conj           ####         1%          1    None
 Sting                    Conj/Pois      ####         1%          1    None
 Ensorcelled Hibernation  Hex/Ice        #####.       1%          2    None
 Poisonous Vapours        Pois/Air       #####.       1%          2    None
 Searing Ray              Conj           #####.       1%          2    None
 Shroud of Golubria       Chrm/Tloc      #####.....   1%          2    None
 Throw Frost              Conj/Ice       #####.       1%          2    None
 Call Canine Familiar     Summ           #####...     1%          3    None
 Confuse                  Hex            #####...     1%          3    None
 Dazzling Spray           Conj/Hex       #####.       1%          3    None
 Gell's Gravitas          Tloc           #####.....   1%          3    None
 Ignite Poison            Fire/Tmut/Pois ######..     1%          3    None
 Lesser Beckoning         Tloc           #####.....   1%          3    None
 Static Discharge         Conj/Air       #####...     1%          3    None
 Stone Arrow              Conj/Erth      ######       1%          3    None
 Teleport Other           Tloc           #####...     1%          3    None
 Tukima's Dance           Hex            #####...     1%          3    None
 Force Lance              Conj/Tloc      #####...     2%          4    None
 Fulminant Prism          Conj/Hex       #####.....   2%          4    None
 Iskenderun's Mystic Bla  Conj           #####...     2%          4    None
 Olgreb's Toxic Radiance  Pois           #####...     2%          4    None
 Summon Ice Beast         Ice/Summ       #####...     2%          4    None
 Throw Icicle             Conj/Ice       #####...     2%          4    None
 Fireball                 Conj/Fire      #####.....   8%          5    ##.....
 Lightning Bolt           Conj/Air       #####.....   8%          5    ##.....
 Summon Mana Viper        Hex/Summ       #####...     8%          5    ##.....
 Venom Bolt               Conj/Pois      #####.....   8%          5    ##.....
 Bolt of Fire             Conj/Fire      #####.....   32%         6    #####..
 Ring of Flames           Chrm/Fire      #####.....   82%         7    ######.
 Summon Hydra             Summ           #####.....   82%         7    ######.
 Ignition                 Fire           #####.....   100%        8    #######
 Tornado                  Air            #####.....   100%        9    #######


Dungeon Overview and Level Annotations

Branches:
Dungeon (15/15)            Temple (1/1) D:4            Lair (6/6) D:10
 Shoals (2/4) Lair:4        Snake (4/4) Lair:3        Slime (0/5) Lair:5
    Orc (2/2) D:11            Elf (0/3) Orc:2        Vaults (0/5) D:14
 Depths (0/5) D:15

Altars:
Ashenzari
Cheibriados
Dithmenos
Elyvilon
Fedhas
Gozag
Hepliaklqana
Kikubaaqudgha
Makhleb
Nemelex Xobeh
Okawaru
Qazlal
Ru
Sif Muna
Trog
Uskayaw
Vehumet
Wu Jian
Xom
Yredelemnul
Zin
The Shining One
Beogh

Shops:
D:6 (   Orc:1 *   Orc:2 ([:*   Snake:2 :

Portals:
Hell: Lair:6

Annotations:
D:8 exclusions: angel and balrug
D:14 Agnes
Lair:6 nht's ghost, journeyman DsBe


Innate Abilities, Weirdness & Mutations

You cannot wear armour.
You are incapable of wielding weapons or throwing items.
Your paws allow you to move quietly. (Stealth)
You have sharp claws.
You have razor-sharp teeth.
You have supernaturally acute eyesight. (SInv)
You are carnivorous and can eat meat at any time.
You cover ground quickly.
Your thick and shaggy fur keeps you warm. (AC +3, rC+)
You have a slow metabolism.
Your sharp claws are effective at attacking unaware monsters.


Message History

You eviscerate the wind drake!!!
You kill the wind drake!
A wind drake comes into view.
Found a scroll of brand weapon.
You see here a wind drake corpse.
You butcher the wind drake corpse.
Things that are here:
4 chunks of flesh; a wind drake skeleton
P - 4 chunks of flesh
Casting: Lee's Rapid Deconstruction (safe; 0% risk of failure)
Confirm with . or Enter, or press ? or * to list all spells.
Aiming: Petrify (safe; 1% risk of failure)
Press: ? - help, Shift-Dir - straight line, f - wind drake
Aim: a wind drake (deflecting missiles, resting, chance to defeat MR: 66%)
The wind drake struggles to resist.
The merfolk shouts!
You see here a wind drake skeleton.
The wind drake exhales a fierce blast of wind!
You are blown backwards!
Casting: Petrify (safe; 1% risk of failure)
Confirm with . or Enter, or press ? or * to list all spells.
Aiming: Petrify (safe; 1% risk of failure)
Press: ? - help, Shift-Dir - straight line, f/p - wind drake
Aim: a wind drake (deflecting missiles, catching its breath, chance to defeat The wind drake is moving more slowly.
Unknown command.
A manticore comes into view.
The merfolk hits you from afar with a +0 trident!!
You completely miss the wind drake. The wind drake flaps its wings at you.
The air twists around and strikes you!
* * * LOW HITPOINT WARNING * * *
You catch the helpless wind drake completely off-guard!
You mangle the wind drake!!
The wind drake is heavily wounded.
The wind drake stops moving altogether!
The merfolk hits you from afar with a +0 trident!!
* * * LOW HITPOINT WARNING * * *
Okay, then.
Unknown command.
Casting: Petrify (safe; 1% risk of failure)
Confirm with . or Enter, or press ? or * to list all spells.
Okay, then.
Unknown command.
Okay, then.
Unknown command.
Really quaff
w - 3 potions of brilliance {!q}?
You feel clever all of a sudden. The merfolk misses you.
Casting: Petrify (safe; 1% risk of failure)
Confirm with . or Enter, or press ? or * to list all spells.
Okay, then.
Casting: Petrify (safe; 1% risk of failure)
Confirm with . or Enter, or press ? or * to list all spells.
The dungeon rumbles!
You kill the merfolk!
You kill the wind drake!
Your base Earth Magic skill increases to level 20!
The manticore is severely wounded.
Ka-crash!
You hear a bleat!
You hear an angry hiss.
You hear a bleat!
You hear a shout! x2; You hear an angry hiss.
You hear a shout! x5
The manticore flicks its tail.
The volley of spikes hits you!
The barbed spikes become lodged in your body.
You die...

≈ ≈, , *#..≈≈≈≈)##≈≈.##..≈≈ ≈ ≈
≈ #..# ......≈..#≈≈≈..≈..≈ ≈
≈≈...##.....≈≈.≈>≈≈.≈≈≈≈≈ ≈ ≈≈
≈ ≈≈≈.?........≈≈≈≈≈....≈≈≈ ≈
≈≈ ≈≈≈..........≈≈≈.......≈≈
≈≈≈ ≈ ≈≈≈..≈.H..# #≈≈≈<≈..≈≈≈≈
≈ ≈≈≈ ≈≈≈≈..≈≈≈..###.≈≈.≈)..≈≈≈
≈
≈≈≈≈≈≈≈≈≈≈..≈≈...÷#....≈≈≈...≈≈
≈≈≈ ≈
≈≈≈≈≈≈≈..≈@.)............PP ≈
≈≈ ≈≈≈≈≈≈≈...###.......##P. ≈
≈≈ ≈≈≈≈≈≈≈....##.#......... ≈
≈≈≈ ≈≈≈≈≈≈≈.........≈≈≈...≈≈ ≈≈
≈≈≈≈≈≈≈≈....>....≈≈≈..≈≈≈ ≈≈≈≈≈
≈ ≈≈≈≈≈≈≈≈.....!≈≈.≈≈.m≈≈≈ ≈ ≈
≈≈≈≈≈≈≈≈≈....≈≈≈≈≈.≈!≈≈≈ ≈ ≈≈
≈≈≈≈≈≈≈≈≈≈≈≈≈..≈≈≈≈≈..≈≈≈≈ ≈
≈≈≈ ≈≈≈ ≈≈≈≈≈≈≈≈≈≈≈≈≈....≈≈≈


You could see a manticore.

Vanquished Creatures
  Vashnia (Snake:2)
  2 nagarajas
  A frost giant (IceCv)
  Louise (Shoals:2)
  An orc warlord (Orc:2)
  The ghost of soark the Devastator, a journeyman DECj of Vehumet (D:14)
  Nessos (Lair:5)
  Azrael (D:15)
  A minotaur (D:14)
  A dire elephant (Lair:6)
  Snorg (Orc:1)
  Josephine (Shoals:1)
  A merfolk impaler (Shoals:1)
  A yaktaur captain (D:15)
  5 naga warriors
  7 hydras
  4 two-headed ogres
  2 dancing weapons (D:14)
  2 death knights
  3 anacondas
  3 centaur warriors
  3 orc high priests (Orc:2)
  2 tengu warriors (D:15)
  3 death yaks
  10 naga sharpshooters
  6 shock serpents
  A sun demon (Lair:6)
  6 skeletal warriors (D:15)
  5 unseen horrors
  A sea snake (Shoals:1)
  4 naga ritualists
  2 wizards
  3 orc knights (Orc:2)
  Pikel (D:6)
  2 phantasmal warriors
  An orb spider (shapeshifter) (D:15)
  2 wolf spider zombies
  5 mana vipers
  A manticore (Shoals:1)
  5 orc sorcerers (Orc:2)
  3 oklob plants
  A salamander (Snake:3)
  6 ugly things
  The ghost of Garbasso the Slinger, a novice HaHu of Okawaru (D:6)
  4 cyclopes
  29 black mambas
  2 merfolk sirens
  2 water nymphs
  An ice statue (IceCv)
  9 elephants
  11 naga magi
  4 orange demons (Lair:6)
  Joseph (D:10)
  8 rime drakes
  2 gargoyles
  10 spiny frogs
  3 kobold demonologists
  An efreet (D:13)
  8 komodo dragons
  An ice devil (Lair:6)
  4 tengu conjurers
  5 freezing wraiths
  A queen bee (Lair:6)
  A hellwing (Lair:6)
  7 trolls
  4 meliai
  13 polar bears
  2 wind drakes (Shoals:2)
  A hornet (Lair:6)
  20 blink frogs
  5 merfolk
  6 slime creatures
  14 dream sheep
  Grinder (D:6)
  12 hippogriffs
  A snapping turtle (Shoals:1)
  A shadow (D:15)
  44 yaks
  Eustachio (D:6)
  5 wraiths
  4 wyverns
  3 hogs (D:8)
  A human (D:8)
  A hungry ghost (D:12)
  Grum (D:10)
  8 vampire mosquitoes (D:15)
  4 fire elementals (D:15)
  2 basilisks
  9 wargs
  35 nagas
  A soldier ant (D:11)
  7 hell hounds
  14 water moccasins
  A hornet zombie (D:13)
  3 porcupines
  7 sky beasts
  36 orc warriors
  4 phantoms
  3 ice beasts
  4 slaves
  An eye of draining (D:11)
  10 ogres
  10 centaurs
  25 wolves
  10 crocodiles
  4 big kobolds
  13 bullfrogs
  A gnoll sergeant (Orc:1)
  3 wyvern skeletons
  3 scorpions
  11 killer bees
  10 wights
  3 howler monkeys
  3 bullfrog zombies
  9 crimson imps
  A quasit (D:13)
  4 centaur zombies
  16 orc priests
  6 jellies
  A bullfrog skeleton (D:10)
  3 centaur skeletons
  8 hounds
  10 iguanas
  11 orc wizards
  3 hell rats (Lair:5)
  8 worker ants
  2 hound skeletons
  A worker ant zombie (D:11)
  Robin (D:3)
  8 gnolls
  A howler monkey skeleton (D:10)
  15 adders
  4 river rats (Lair:5)
  3 shadow imps
  2 oozes
  2 worms
  3 dart slugs
  8 leopard geckos
  60 orcs
  12 bats
  11 giant cockroaches
  6 hobgoblins
  8 jackals
  19 kobolds
  5 quokkas
  2 ball pythons
  15 frilled lizards
  17 goblins
  A jackal skeleton (D:4)
  24 rats
  2 fungi
  2 plants (Lair:4)
928 creatures vanquished.

Vanquished Creatures (collateral kills)
  An orc warlord (Orc:2)
  A warg (Orc:2)
  An orc (Orc:2)
3 creatures vanquished.

Vanquished Creatures (others)
  A yaktaur (D:15)
  3 polar bears (IceCv)
  5 yaks (IceCv)
  A water moccasin (Lair:5)
  3 wolves (IceCv)
  An orc (Orc:2)
  25 fungi
  6 plants
45 creatures vanquished.

Grand Total: 976 creatures vanquished

Notes
Turn   | Place    | Note
-------+----------+-------------------------------------------
     0 | D:1      | Amnesiac the Felid Earth Elementalist began the quest for
                  | the Orb.
     0 | D:1      | Reached XP level 1. HP: 7/7 MP: 4/4
   136 | D:1      | Reached skill level 3 in Earth Magic
   158 | D:1      | Reached XP level 2. HP: 10/11 MP: 6/6
   165 | D:1      | Learned a level 2 spell: Passwall
   807 | D:3      | Reached XP level 3. HP: 14/14 MP: 1/7
  1425 | D:3      | Reached skill level 4 in Earth Magic
  1428 | D:3      | Reached XP level 4. HP: 18/18 MP: 2/9
  1587 | D:4      | Reached XP level 5. HP: 21/21 MP: 2/10
  1657 | D:4      | Learned a level 5 spell: Lee's Rapid Deconstruction
  1781 | D:5      | Entered Level 5 of the Dungeon
  2307 | D:4      | Found a staircase to the Ecumenical Temple.
  2320 | Temple   | Entered the Ecumenical Temple
  2553 | Temple   | Became a worshipper of Ashenzari the Shackled
  3324 | D:2      | Reached skill level 5 in Earth Magic
  3861 | D:3      | Gained mutation: You are covered in thick fur. (AC +2)
                  | [Felid growth]
  3861 | D:3      | Reached XP level 6. HP: 8/24 MP: 5/12
  4476 | D:3      | Found a radiant altar of Vehumet.
  4517 | D:3      | Reached skill level 1 in Unarmed Combat
  4676 | D:3      | Noticed Robin
  4697 | D:3      | Killed Robin
  4863 | D:3      | Found a faded altar of an unknown god.
  4922 | D:3      | Reached * piety under Ashenzari
  5621 | D:5      | Learned a level 4 spell: Petrify
  5637 | D:5      | Noticed a sky beast
  5644 | D:5      | Killed a sky beast
  5644 | D:5      | Reached XP level 7. HP: 27/27 MP: 8/14
  5711 | D:5      | Reached skill level 6 in Earth Magic
  5808 | D:5      | Found a stormy altar of Qazlal.
  6492 | D:6      | Noticed Pikel
  6581 | D:6      | Reached skill level 5 in Dodging
  6609 | D:6      | Found a hide-covered altar of Uskayaw.
  6623 | D:6      | Found a runed door.
  6643 | D:6      | Found a deep blue altar of Sif Muna.
  6685 | D:6      | Reached XP level 8. HP: 31/31 MP: 14/16
  6687 | D:6      | Reached skill level 7 in Earth Magic
  6987 | D:6      | Noticed Eustachio
  7013 | D:6      | Killed Eustachio
  7013 | D:6      | Reached skill level 1 in Fighting
  7013 | D:6      | Reached skill level 5 in Spellcasting
  7147 | D:6      | Killed Pikel
  7147 | D:6      | Reached skill level 8 in Earth Magic
  7276 | D:6      | Found Leps's Weapon Shoppe.
  7396 | D:6      | Noticed Garbasso's ghost (novice HaHu)
  7411 | D:6      | Found a bloodstained altar of Trog.
  7413 | D:6      | Found a glowing golden altar of the Shining One.
  7415 | D:6      | Found an opulent altar of Gozag.
  7594 | D:6      | Found an iron altar of Okawaru.
  7749 | D:6      | Noticed Grinder
  7759 | D:6      | Killed Grinder
  7759 | D:6      | Reached XP level 9. HP: 33/37 MP: 10/18
  7921 | D:6      | Reached ** piety under Ashenzari
  8008 | D:6      | Killed Garbasso's ghost
  8418 | D:7      | Reached skill level 9 in Earth Magic
  8798 | D:8      | Reached skill level 10 in Dodging
  8954 | D:8      | Reached XP level 10. HP: 42/42 MP: 3/20
  9136 | D:8      | Found a burning altar of Makhleb.
  9140 | D:8      | Found a glowing silver altar of Zin.
  9140 | D:8      | Noticed an angel
  9141 | D:8      | Noticed a balrug
  9372 | D:8      | Found a sparkling altar of Nemelex Xobeh.
  9374 | D:8      | Found a deep blue altar of Sif Muna.
  9374 | D:8      | Found a shimmering altar of Xom.
  9376 | D:8      | Found a white marble altar of Elyvilon.
  9376 | D:8      | Found a sparkling altar of Nemelex Xobeh.
  9376 | D:8      | Found a shimmering altar of Xom.
 10260 | D:10     | Entered Level 10 of the Dungeon
 10268 | D:10     | Reached *** piety under Ashenzari
 10288 | D:10     | Noticed Joseph
 10507 | D:10     | Noticed Grum
 10510 | D:10     | Killed Grum
 10680 | D:10     | Found a staircase to the Lair.
 10788 | D:11     | Noticed a cyan ugly thing
 10823 | D:11     | Noticed a green ugly thing
 10848 | D:10     | Killed a cyan ugly thing
 10848 | D:10     | Reached skill level 10 in Earth Magic
 10870 | D:11     | Noticed a two-headed ogre
 11113 | D:11     | Killed a two-headed ogre
 11113 | D:11     | Reached skill level 5 in Fighting
 11113 | D:11     | Reached XP level 11. HP: 47/47 MP: 14/22
 11244 | D:11     | Killed a cyan ugly thing
 11261 | D:11     | Noticed an eight-headed hydra
 11265 | D:11     | Killed an eight-headed hydra
 11931 | D:11     | Reached **** piety under Ashenzari
 12118 | D:11     | Found a staircase to the Orcish Mines.
 12468 | D:10     | Killed Joseph
 12768 | D:12     | Reached skill level 5 in Stealth
 12768 | D:12     | Reached skill level 5 in Unarmed Combat
 12948 | D:12     | Noticed a two-headed ogre
 12962 | D:12     | Killed a two-headed ogre
 13185 | D:12     | Noticed an unseen horror
 13194 | D:12     | Reached skill level 11 in Earth Magic
 13194 | D:12     | Killed an unseen horror
 13194 | D:12     | Gained mutation: Your thick and shaggy fur keeps you warm.
                  | (AC +3, rC+) [Felid growth]
 13194 | D:12     | Reached XP level 12. HP: 52/52 MP: 7/24
 13391 | D:12     | Reached ***** piety under Ashenzari
 14953 | Lair:1   | Entered Level 1 of the Lair of Beasts
 15016 | Lair:1   | Reached skill level 12 in Earth Magic
 15161 | Lair:1   | Noticed a five-headed hydra
 15170 | Lair:1   | Killed a five-headed hydra
 16162 | Lair:2   | Noticed a six-headed hydra
 16174 | Lair:2   | Killed a six-headed hydra
 16821 | Lair:2   | Reached XP level 13. HP: 57/57 MP: 16/27
 17182 | Lair:3   | Learned a level 3 spell: Mephitic Cloud
 17574 | Lair:3   | Reached ****** piety under Ashenzari
 17644 | Lair:3   | Found a staircase to the Snake Pit.
 17742 | Lair:3   | Learned a level 2 spell: Blink
 17748 | Lair:3   | Learned a level 4 spell: Passage of Golubria
 17848 | Lair:3   | Reached skill level 13 in Earth Magic
 19099 | Lair:4   | Found a staircase to the Shoals.
 20182 | Lair:5   | Noticed Nessos
 20192 | Lair:5   | Killed Nessos
 20537 | Lair:5   | Found a staircase to the Slime Pits.
 21112 | Lair:6   | Entered Level 6 of the Lair of Beasts
 21223 | Lair:6   | Learned a level 1 spell: Summon Butterflies
 21228 | Lair:6   | Reached skill level 10 in Spellcasting
 21495 | Lair:6   | Reached skill level 14 in Earth Magic
 22193 | Lair:6   | Found a transporter.
 22196 | Lair:6   | Found a transporter.
 22197 | Lair:6   | Noticed nht's ghost (journeyman DsBe)
 22220 | Lair:6   | Reached XP level 14. HP: 63/63 MP: 16/29
 24519 | Lair:6   | Found a burning altar of Makhleb.
 24727 | Lair:6   | Found a gateway to Hell.
 25162 | Orc:1    | Entered Level 1 of the Orcish Mines
 25162 | Orc:1    | Found Zoodghy's General Store.
 25169 | Orc:1    | Bought a potion of might for 52 gold pieces
 25624 | Orc:1    | Noticed Snorg
 25641 | Orc:1    | Killed Snorg
 25641 | Orc:1    | Reached skill level 15 in Earth Magic
 25986 | Orc:2    | Entered Level 2 of the Orcish Mines
 25986 | Orc:2    | Found Boezoum's Book Shoppe.
 25986 | Orc:2    | Noticed an orc warlord
 26219 | Orc:2    | Noticed an orc warlord
 26227 | Orc:2    | Found a frozen archway.
 26245 | IceCv    | Entered an ice cave
 26469 | IceCv    | Reached skill level 10 in Stealth
 26567 | IceCv    | Identified a ring "Teferazo" {rPois rF- rN+++ MR+++}
 27268 | IceCv    | Noticed a frost giant
 27370 | IceCv    | Killed a frost giant
 27716 | Orc:2    | Killed an orc warlord
 28127 | Orc:2    | Reached XP level 15. HP: 51/66 MP: 16/31
 28329 | Orc:2    | Found a roughly hewn altar of Beogh.
 28433 | Orc:2    | Found Cuhitz's Antique Armour Boutique.
 29464 | Orc:2    | Found Xaeheat's Antique Weapon Emporium.
 29525 | Orc:2    | Found Wumnyhah's General Store.
 29600 | Orc:2    | Found a staircase to the Elven Halls.
 29601 | Orc:2    | Bought a potion of agility for 60 gold pieces
 29707 | Orc:2    | Killed an orc warlord
 29780 | Orc:2    | Found Temaf's Food Emporium.
 29848 | Orc:2    | Bought a book of the Tempests for 910 gold pieces
 30031 | D:14     | Reached skill level 16 in Earth Magic
 30295 | D:14     | Found a gate to the Vaults.
 30497 | D:14     | Identified the ring "Ylonnol" {*Tele Int+5}
 30507 | D:14     | Noticed soark's ghost (journeyman DECj)
 30584 | D:14     | Found a runed gate.
 30584 | D:14     | Found a runed gate.
 30584 | D:14     | Found a runed gate.
 31061 | D:14     | Shot with an arrow by a centaur warrior
 31062 | D:14     | Reached XP level 14. HP: -4/63 MP: 17/31
 31228 | D:15     | Entered Level 15 of the Dungeon
 31360 | D:14     | Killed soark's ghost
 31490 | D:15     | Noticed Agnes
 31682 | D:14     | Learned a level 9 spell: Shatter
 32078 | D:15     | Reached skill level 17 in Earth Magic
 32596 | D:15     | Reached XP level 15. HP: 66/66 MP: 26/32
 32930 | D:15     | Noticed Azrael
 32956 | D:15     | Killed Azrael
 33257 | D:15     | Found a staircase to the Depths.
 33546 | Snake:1  | Entered Level 1 of the Snake Pit
 34017 | Snake:1  | Learned a level 3 spell: Ozocubu's Armour
 34210 | Snake:1  | Reached skill level 18 in Earth Magic
 35159 | Snake:2  | Found Follibb's Book Shoppe.
 35664 | Snake:2  | Noticed Vashnia
 36049 | Snake:2  | Killed Vashnia
 36435 | Snake:3  | Noticed a nagaraja
 36457 | Snake:3  | Killed from afar by a shock serpent
 36458 | Snake:3  | Reached XP level 14. HP: -22/63 MP: 31/31
 36462 | Snake:3  | Killed a nagaraja
 36604 | Snake:3  | Reached skill level 19 in Earth Magic
 37209 | Snake:3  | Reached XP level 15. HP: 66/66 MP: 20/32
 38368 | Snake:4  | Entered Level 4 of the Snake Pit
 38385 | Snake:4  | Noticed a nagaraja
 38396 | Snake:4  | Noticed a nagaraja
 38398 | Snake:4  | Killed a nagaraja
 38399 | Snake:4  | Noticed a nagaraja
 38401 | Snake:4  | Noticed a nagaraja
 38411 | Snake:4  | HP: 3/66 [naga ritualist/Olgreb's Toxic Radiance (1)]
 38417 | Snake:3  | HP: 1/66 [poisoned by a naga ritualist (toxic radiance)]
 38426 | Snake:3  | HP: 1/66 [poisoned by a naga ritualist (toxic radiance)]
 38431 | Snake:3  | HP: 1/66 [poisoned by a naga ritualist (toxic radiance)]
 38436 | Snake:3  | HP: 1/66 [poisoned by a naga ritualist (toxic radiance)]
 38533 | Shoals:1 | Entered Level 1 of the Shoals
 39232 | Shoals:1 | Noticed Josephine
 39251 | Shoals:1 | Killed Josephine
 39646 | Shoals:2 | Noticed Louise
 39648 | Shoals:2 | Killed Louise
 39676 | Shoals:2 | Reached skill level 20 in Earth Magic
 39676 | Shoals:2 | Killed from afar by a manticore

Vault maps used:
D:1:      erik_arrival_orb_chamber
D:2:      chequers_serial_rivers_marsh
D:3:      fiery_altar_vehumet, chequers_ecumenical_altar_twisty,
          minmay_lizard_king, uniq_robin
D:4:      minmay_temple_entry_trees, minmay_tree_intersection,
          chequers_arboretum
D:5:      nicolae_qazlal_general_emergency, first_ration
D:6:      grunt_temple_overflow_open, nicolae_overflow_hidden_temple,
          ebering_ghost_sewer_d, serial_shops, nicolae_shop_trees,
          serial_park_tiny_1, okawaru_metal_pillars_1_2, uniq_grinder,
          uniq_pikel, uniq_eustachio
D:7:      kennysheep_generic_room_8
D:8:      grunt_temple_overflow_order_and_chaos_2, grunt_livestock,
          doesnt_xom_only_xom
D:9:      chequers_garden
D:10:     lair_entry_dummy, uniq_joseph, uniq_grum
D:11:     erik_orc_4, kennysheep_kite_vault
D:14:     erik_vaults_1, patterned_corridor, maelrawn_ghost_labyrinth_escape
D:15:     grunt_enter_depths_snipers, minmay_misc_feat_plants, uniq_agnes,
          uniq_azrael
Temple:   nicolae_temple_figure_eight
Lair:1:   minmay_lair_oklob_items, serial_bayou_pond_c, lemuel_fruit_tree
Lair:2:   minmay_holes, infiniplex_staircase_pool_2
Lair:3:   minmay_snake_entry_six_corridors
Lair:4:   minmay_shoals_entry_lonely_mermaid, grunt_megastairs_5,
          minmay_lair_oklob_chamber
Lair:5:   nicolae_slime_entry_slimehenge, bh_chokoban,
          kennysheep_abandoned_house, uniq_nessos
Lair:6:   evil_forest, gammafunk_ghost_hive
Shoals:1: uniq_josephine
Shoals:2: uniq_louise
Snake:1:  grunt_ministairs_1
Snake:2:  serial_shops, shop, nrook_loot_triangle, uniq_vashnia
Snake:4:  grunt_snake_rune_spirals, st_stairs_10, uniq_saint_roka, uniq_kirke,
          uniq_nikola
Orc:1:    serial_shops, shop, uniq_snorg
Orc:2:    grunt_orc_gardens, grunt_orc_garden, grunt_orc_garden,
          grunt_orc_garden, grunt_orc_garden,
          portal_ice_cave_entry_animals_and_master, serial_shops,
          nicolae_shop_trees, basic_altar
IceCv:    ice_cave_caverns_03

Skill      XL: |  1  2  3  4  5  6  7  8  9 10 11 12 13 14 15 |
---------------+----------------------------------------------+-----
Earth Magic    | 3 4 5 6 8 9 10 11 12 14 19 20 | 20.0
Spellcasting   | 3 4 5 6 7 9 10 11 12 | 12.0
Stealth        | 3 6 7 11 12 | 12.0
Unarmed Combat | 1 6 7 8 |  8.0
Dodging        | 3 5 10 12 | 12.0
Fighting       | 3 5 6 8 |  8.0
Evocations     | 2 |  2.9
Transmutations | 3 |  3.0

Action                   |  1- 3 |  4- 6 |  7- 9 | 10-12 | 13-15 || total
-------------------------+-------+-------+-------+-------+-------++-------
Melee: Unarmed           |    99 |   180 |    34 |   124 |   630 ||  1067
       Bite              |     6 |    11 |     1 |    11 |    54 ||    83
       Punch             |       |       |       |     2 |    23 ||    25
 Cast: Sandblast         |    29 |    70 |   173 |   227 |   177 ||   676
       Passwall          |       |     4 |     4 |     8 |    38 ||    54
       Petrify           |       |       |     1 |    22 |   315 ||   338
       Lee's Rapid Decon |       |       |     7 |    49 |   249 ||   305
       Blink             |       |       |       |       |     5 ||     5
       Shatter           |       |       |       |       |     5 ||     5
       Mephitic Cloud    |       |       |       |       |     1 ||     1
Invok: Curse Item        |       |     1 |     2 |       |       ||     3
Evoke: Wand              |       |       |     1 |       |    13 ||    14
  Use: Scroll            |       |    10 |       |     7 |    13 ||    30
       Potion            |       |       |       |     6 |    16 ||    22
 Stab: Sleeping          |     2 |    22 |     2 |    14 |    59 ||    99
       Petrified         |       |       |     5 |    32 |   207 ||   244
       Petrifying        |       |       |       |     2 |    44 ||    46
       Paralysed         |       |       |       |       |     5 ||     5
       Distracted        |       |       |       |       |     1 ||     1
       Invisible         |       |       |       |       |     1 ||     1
  Eat: Chunk             |     9 |     8 |     7 |    28 |    86 ||   138
Armor: Skin              |    13 |    16 |     3 |     4 |    25 ||    61
Dodge: Dodged            |   122 |   158 |   116 |   179 |   536 ||  1111

Table legend:
 A = Non-vault XP
 B = Vault XP
 C = Vault XP percentage of total XP
 D = Non-vault monster count
 E = Vault monster count
 F = Vault count percentage of total count
                 A         B        C        D         E       F
            +---------+---------+-------+---------+---------+-------
      Total |  145744 |   74061 |  33.7 |     670 |     253 |  27.4
            +---------+---------+-------+---------+---------+-------
        D:1 |      23 |      12 |  34.3 |      13 |      12 |  48.0
        D:2 |     100 |       0 |   0.0 |      30 |       0 |   0.0
        D:3 |     199 |      45 |  18.4 |      29 |      19 |  39.6
        D:4 |     106 |       0 |   0.0 |      12 |       0 |   0.0
        D:5 |     889 |       0 |   0.0 |      18 |       0 |   0.0
        D:6 |     499 |    1704 |  77.3 |      14 |       6 |  30.0
        D:7 |     922 |     252 |  21.5 |      22 |       2 |   8.3
        D:8 |     470 |     981 |  67.6 |       8 |       5 |  38.5
        D:9 |    1754 |       0 |   0.0 |      22 |       0 |   0.0
       D:10 |    1985 |    1089 |  35.4 |      25 |       6 |  19.4
       D:11 |    5632 |    2123 |  27.4 |      23 |      32 |  58.2
       D:12 |    6701 |       0 |   0.0 |      33 |       0 |   0.0
       D:13 |    4679 |       0 |   0.0 |      26 |       0 |   0.0
       D:14 |   10142 |    6505 |  39.1 |      29 |       8 |  21.6
       D:15 |   17912 |    4267 |  19.2 |      49 |       9 |  15.5
     Lair:1 |    4641 |     520 |  10.1 |      18 |       1 |   5.3
     Lair:2 |    3736 |       0 |   0.0 |      12 |       0 |   0.0
     Lair:3 |    2928 |    1391 |  32.2 |       8 |      11 |  57.9
     Lair:4 |    5288 |    1648 |  23.8 |      21 |       3 |  12.5
     Lair:5 |    2259 |    2449 |  52.0 |      12 |      14 |  53.8
     Lair:6 |   18157 |   11085 |  37.9 |      62 |      35 |  36.1
   Shoals:1 |    4920 |    1913 |  28.0 |      11 |       5 |  31.2
   Shoals:2 |    1297 |    1734 |  57.2 |       4 |       1 |  20.0
    Snake:1 |    9831 |     896 |   8.4 |      26 |       2 |   7.1
    Snake:2 |    6829 |    7557 |  52.5 |      16 |       4 |  20.0
    Snake:3 |   21758 |       0 |   0.0 |      41 |       0 |   0.0
    Snake:4 |    3349 |    6007 |  64.2 |       6 |       9 |  60.0
      Orc:1 |    1411 |    1112 |  44.1 |      26 |       1 |   3.7
      Orc:2 |    7327 |   11142 |  60.3 |      54 |      35 |  39.3
      IceCv |       0 |    9629 | 100.0 |       0 |      33 | 100.0
            +---------+---------+-------+---------+---------+-------
